 Seeded DCSS version 0.29.1-2-gbd0b4ee654 (webtiles) character file.

Game seed: 1 (custom seed)

198266 Kazon the Fencer (level 17, -1/160 HPs)
             Began as a Minotaur Fighter on Nov 10, 2022.
             Was the Champion of the Shining One.
             Killed from afar by an ironbound frostheart (45 damage)
             ... by creeping frost
             ... on level 1 of the Vaults on Nov 14, 2022.
             The game lasted 02:44:10 (24101 turns).

Kazon the Fencer (Minotaur Fighter)                Turns: 24101, Time: 02:44:11

Health: -1/160     AC: 20    Str: 23      XL:     17   Next: 80%
Magic:  21/25      EV: 19    Int:  6 (7)  God:    the Shining One [******]
Gold:   2654       SH: 10    Dex: 20      Spells: 16/16 levels left

rFire   + + +      SeeInvis .   f - +13 Maxwell's thermic engine {flame, freeze}
rCold   . . .      Faith    .   c - +2 buckler
rNeg    + + +      Spirit   .   S - +0 troll leather armour
rPois   +          Reflect  .   W - +0 hat
rElec   .          Harm     .   V - +2 cloak
rCorr   .          Rampage  .   o - +3 pair of gauntlets of War {Slay+5}
Will    +....                   m - +2 pair of boots
Stlth   ++........              Y - amulet "Odemouw" {Contam rPois rF+++ Regen+ Stlth+}
HPRegen 1.96/turn               E - +4 ring of protection
MPRegen 0.19/turn               X - +6 ring of dexterity

@: on berserk cooldown, slowed, glowing, studying Shields, very slow
A: horns 2, retaliatory headbutt
}: 1/15 runes: gossamer
a: Renounce Religion, Divine Shield, Cleansing Flame, Summon Divine Warrior,
Brand Weapon With Holy Wrath


You were on level 1 of the Vaults.
You worshipped the Shining One.
The Shining One was exalted by your worship.
You visited 5 branches of the dungeon, and saw 26 of its levels.
You also visited: Ice Cave.

You collected 3974 gold pieces.
You spent 1320 gold pieces at shops.

Inventory:

Hand Weapons
 f - the +13 Maxwell's thermic engine (weapon) {flame, freeze}
   (You found it on level 1 of the Lair of Beasts)

   It burns those it strikes, dealing additional fire damage.
   Big, fiery blades are also staple armaments of hydra-hunters.
   It freezes those it strikes, dealing additional cold damage.
   It can also slow down cold-blooded creatures.
   It becomes more effective when it hits something.
   This effect fades over time.
 s - the +3 falchion of Winter {venom, rCorr}
   (You bought it in a shop on level 3 of the Dungeon)

   It poisons the flesh of those it strikes.
   rCorr:     It protects you from acid and corrosion.
 w - a +1 sling of flaming
Missiles
 b - 6 curare-tipped darts
 j - 28 poisoned darts (quivered)
 k - 10 stones
 q - a throwing net
 B - 17 boomerangs
Armour
 c - a +2 buckler (worn)
 e - the +6 scale mail "Voetobuo" {Int-3 Dex+8}
   (You found it on level 14 of the Dungeon)

   Int:       It affects your intelligence (-3).
   Dex:       It affects your dexterity (+8).
 m - a +2 pair of boots (worn)
 o - the +3 pair of gauntlets of War (worn) {Slay+5}
   (You acquired it on level 1 of the Dungeon)

   Slay:      It affects your accuracy & damage with ranged weapons and melee
   (+5).
 S - a +0 troll leather armour (worn)
 V - a +2 cloak (worn)
 W - a +0 hat (worn)
Jewellery
 E - a +4 ring of protection (left hand)
 G - a +6 ring of intelligence
 X - a +6 ring of dexterity (right hand)
 Y - the amulet "Odemouw" (around neck) {Contam rPois rF+++ Regen+ Stlth+}
   (You bought it in a shop on level 8 of the Dungeon)

   [amulet of regeneration]

   rF:        It renders you almost immune to fire.
   rPois:     It protects you from poison.
   Contam:    It causes magical contamination when unequipped.
   Regen:     It increases your rate of health regeneration.
   Stlth:     It makes you more stealthy.
Wands
 z - a wand of paralysis (22)
 C - a wand of mindburst (32)
 D - a wand of flame (16)
 K - a wand of roots (17)
 Q - a wand of polymorph (5)
Scrolls
 i - 3 scrolls of identify
 n - 5 scrolls of immolation
 p - 3 scrolls of poison
 r - a scroll of blinking
 t - 3 scrolls of brand weapon
 v - 6 scrolls of teleportation
 H - 5 scrolls of enchant weapon
 J - 3 scrolls of fear
 L - 2 scrolls of summoning
 M - 2 scrolls of enchant armour
 N - 2 scrolls of magic mapping
 R - 2 scrolls of silence
Potions
 a - 2 potions of resistance
 d - 6 potions of might
 g - 5 potions of haste
 h - 7 potions of flight
 l - 2 potions of berserk rage
 x - 12 potions of lignification
 A - 3 potions of heal wounds
 F - 3 potions of cancellation
 I - 6 potions of curing
 U - 2 potions of mutation
 Z - 8 potions of ambrosia
Miscellaneous
 u - a lightning rod (3/4)
 O - a phantom mirror
 T - a phial of floods


   Skills:
 + Level 16.7 Fighting
 + Level 17.6 Long Blades
 + Level 5.9 Ranged Weapons
 + Level 11.3 Throwing
 + Level 9.0 Armour
 + Level 10.3 Dodging
 + Level 4.8 Stealth
 + Level 13.2 Shields
 * Level 12.4 Invocations
 * Level 12.2 Evocations


You had 16 spell levels left.
You didn't know any spells.
Your spell library contained the following spells:

 Spells                   Type           Power      Damage    Failure   Level
 Apportation              Tloc           0%         N/A       54%         1
 Magic Dart               Conj           0%         1d3       54%         1
 Necrotise                Necr           0%         1d4       54%         1
 Sting                    Tmut/Pois      0%         1d3       54%         1
 Summon Small Mammal      Summ           0%         N/A       54%         1
 Call Imp                 Summ           0%         N/A       69%         2
 Poisonous Vapours        Pois/Air       0%         N/A       69%         2
 Dazzling Flash           Conj/Hex       0%         N/A       89%         3
 Mephitic Cloud           Conj/Pois/Air  0%         N/A       89%         3
 Ozocubu's Armour         Ice            0%         N/A       89%         3
 Animate Armour           Summ/Erth      0%         N/A       100%        4
 Iskenderun's Mystic Bla  Conj/Tloc      0%         2d3       100%        4
 Olgreb's Toxic Radiance  Pois           0%         N/A       100%        4
 Summon Ice Beast         Ice/Summ       0%         N/A       100%        4
 Alistair's Intoxication  Tmut/Pois      0%         N/A       100%        5
 Blade Hands              Tmut           0%         N/A       100%        5
 Fireball                 Conj/Fire      0%         3d3       100%        5
 Iskenderun's Battlesphe  Conj           0%         2d6       100%        5
 Metabolic Englaciation   Hex/Ice        0%         N/A       100%        5
 Summon Forest            Summ/Tloc      0%         N/A       100%        5
 Summon Mana Viper        Hex/Summ       0%         N/A       100%        5
 Conjure Ball Lightning   Conj/Air       0%         3x3d6     100%        6
 Iron Shot                Conj/Erth      0%         9d1       100%        6
 Simulacrum               Ice/Necr       0%         N/A       100%        6
 Starburst                Conj/Fire      0%         6d3       100%        6
 Summon Cactus Giant      Summ           0%         N/A       100%        6
 Monstrous Menagerie      Summ           0%         N/A       100%        7
 Orb of Destruction       Conj           0%         9d5       100%        7
 Ozocubu's Refrigeration  Ice            0%         4d7       100%        7


Dungeon Overview and Level Annotations

Branches:
Dungeon (15/15)            Temple (1/1) D:7            Lair (5/5) D:10
 Shoals (0/4) Lair:3       Spider (4/4) Lair:3        Slime (0/5) Lair:4
    Orc (0/2) D:12         Vaults (1/5) D:13         Depths (0/4) D:15
  IceCv (visited)

Altars:
Ashenzari
Dithmenos
Elyvilon
Fedhas
Gozag
Hepliaklqana
Kikubaaqudgha
Makhleb
Nemelex Xobeh
Okawaru
Qazlal
Ru
Trog
Uskayaw
Vehumet
Wu Jian
Xom
Yredelemnul
Zin
The Shining One
Jiyva

Shops:
D:3 (   D:8 ?(==   D:10 :   D:13 !

Annotations:
D:12 Rupert
D:14 3 runed translucent doors, Foerhozi's ghost, journeyman DgAr
D:15 Roxanne


Innate Abilities, Weirdness & Mutations

You have a pair of horns on your head.
You reflexively headbutt those who attack you in melee.


Message History

Your angel resists with almost no effort.
The ironbound frostheart calls freezing cold from the walls.
The frost grips you!!
* * * LOW HITPOINT WARNING * * *
You are encased in ice.
The frost grips your angel!!
The yaktaur shoots a bolt.
The bolt hits your angel!!
Your angel dies!
Your angel dissolves into sparkling lights!
You feel a strong urge to attack something.
The great orb of eyes misses you.
The ironbound frostheart closely misses you.
There is a broken door, spattered with blood here.
You slash the great orb of eyes! You burn the great orb of eyes.
You freeze the great orb of eyes. You headbutt the great orb of eyes!
The great orb of eyes is severely wounded.
You slash the great orb of eyes! You burn the great orb of eyes.
You freeze the great orb of eyes. You headbutt the great orb of eyes.
The great orb of eyes is almost dead.
The great orb of eyes bites you but does no damage.
You slice the great orb of eyes like a ripe choko!!!
You burn the great orb of eyes.
You kill the great orb of eyes!
Your lightning rod (3/4) has regained one charge.
You barely miss the ironbound frostheart.
The ironbound frostheart touches you but does no damage.
You slice the ironbound frostheart!! You burn the ironbound frostheart.
You freeze the ironbound frostheart.
The ironbound frostheart is heavily wounded.
The ice encasing you melts away.
You slice the deep troll like a ripe choko!!!
You burn the deep troll!
You kill the deep troll!
The troll leather armour is intact enough to wear.
You are no longer berserk.
You are exhausted.
You feel yourself slow down.
The ironbound frostheart calls freezing cold from the walls.
The frost grips you!!!
You die...

#+###
#........#...>...#
#....
#........+......##
..#. #........+.....##
# ... #........#....##
#.#.. #........'...##
#.... ####'#####..##
#..#.######......##.##
#....)..p[#).....####
#####...#[@[.....#
#.†#pp#......#
#.#.pc#......#########
#.†..p#......#.......#
#.#####......'.......#
#c# #......#.......#
#.# ########.......#


pc# #.......# .p.# #.......# You could see 3 ironbound frosthearts, 2 ironbound
convokers and a yaktaur (strong).

Vanquished Creatures
  Mara (Spider:4)
  4 emperor scorpions
  4 ghost moths
  A very ugly thing (IceCv)
  3 broodmothers
  Nessos (D:12)
  5 dire elephants (Vaults:1)
  4 spark wasps
  Snorg (D:14)
  Azrael (D:13)
  2 entropy weavers
  A fire dragon (D:13)
  2 great orbs of eyes
  A yaktaur captain (Vaults:1)
  4 boulder beetles
  Fannar (Lair:2)
  3 hydras
  A caustic shrike simulacrum (IceCv)
  Erolcha (D:10)
  4 catoblepae
  2 vault guards
  An ironbound frostheart (Vaults:1)
  6 centaur warriors
  A jorogumo (Spider:4)
  A death knight (D:14)
  3 two-headed ogres
  4 death scarabs (Spider:4)
  A tengu warrior (D:15)
  9 death yaks
  2 spectral emperor scorpions (Spider:4)
  5 skeletal warriors
  13 pharaoh ants
  A fire crab (D:13)
  A goliath frog (Vaults:1)
  A sun moth (Spider:1)
  Lodul (D:12)
  8 steelbarb worms
  A deep troll (Vaults:1)
  6 spectral wolf spiders
  6 orb spiders
  2 ironbound convokers (Vaults:1)
  A wizard (D:14)
  An orange crystal statue (IceCv)
  3 spriggan simulacra (D:14)
  An orc knight (D:15)
  8 wolf spider zombies
  20 wolf spiders
  4 cyclopes
  3 deep elf pyromancers
  24 ugly things
  5 elephants (Lair:4)
  3 manticores
  3 moths of wrath
  5 black mambas
  A guardian serpent (shapeshifter) (D:13)
  11 cane toads
  6 torpor snails
  Maggie (D:6)
  14 demonic crawlers
  4 rime drakes
  2 unseen horrors
  A rime drake (shapeshifter) (D:15)
  5 freezing wraiths
  4 kobold demonologists (D:11)
  An anaconda simulacrum (IceCv)
  15 komodo dragons
  2 spectral redbacks (Spider:4)
  A tengu conjurer (D:12)
  2 efreet
  3 redback zombies (Spider:4)
  A yaktaur (Vaults:1)
  4 trolls
  3 golden dragon simulacra (IceCv)
  Prince Ribbit (D:9)
  9 meliai (Spider:4)
  A queen bee (Spider:4)
  23 tarantellas
  A spectral culicivora (Spider:4)
  A spectral jumping spider (Spider:4)
  A polar bear (Lair:4)
  A jumping spider zombie (Spider:4)
  2 wolf spider simulacra (Spider:1)
  4 slime creatures (D:15)
  17 blink frogs
  5 dream sheep (Lair:4)
  A snapping turtle (Lair:3)
  2 shadows
  31 jumping spiders
  2 dire elephant simulacra (IceCv)
  2 vampires
  59 yaks
  32 culicivoras
  2 wraiths (D:12)
  2 fire elementals (D:13)
  5 wyverns
  6 basilisks
  Eustachio (D:5)
  6 vampire mosquitoes
  47 redbacks
  2 steam dragons
  3 minotaur simulacra (D:14)
  Menkaure (D:5)
  4 harpy simulacra (IceCv)
  Edmund (D:6)
  2 acid dragons
  4 hydra simulacra (IceCv)
  16 water moccasins
  2 hell hounds (D:13)
  7 orc warriors
  An alligator simulacrum (IceCv)
  An ice beast (D:8)
  5 sky beasts
  2 black bears (D:6)
  5 centaurs
  7 ogres
  A wolf (D:10)
  2 phantoms (D:6)
  3 kobold brigands
  3 necrophages
  6 bullfrogs
  2 deep troll simulacra (D:14)
  A gnoll sergeant (D:7)
  10 scorpions
  21 wights
  19 killer bees
  3 electric eels
  2 lindwurm simulacra (IceCv)
  A howler monkey (D:5)
  2 jellies (D:6)
  6 hounds
  7 orc priests
  A gnoll bouda (D:7)
  6 iguanas
  4 hell rats (Lair:3)
  5 orc wizards
  Robin (D:3)
  15 gnolls
  13 adders
  3 shadow imps
  2 white imps (D:7)
  An ufetubus (D:5)
  4 worms
  37 orcs
  11 endoplasms
  3 giant cockroaches
  16 goblins
  9 hobgoblins
  A jackal (D:4)
  27 kobolds
  A quokka (D:1)
  5 ball pythons
  4 bats
  3 frilled lizards
  6 rats
876 creatures vanquished.

Vanquished Creatures (collateral kills)
  2 emperor scorpions (Spider:4)
  An ironbound preserver (Vaults:1)
  A very ugly thing (IceCv)
  An entropy weaver (Spider:4)
  A dire elephant (D:15)
  A hydra (D:15)
  A death yak (Lair:5)
  4 death scarabs (Spider:4)
  A spectral wolf spider (Spider:4)
  An orange crystal statue (IceCv)
  An orb spider (Spider:4)
  A broodmother zombie (Spider:4)
  2 wolf spiders (Spider:4)
  A manticore (D:15)
  2 torpor snails (Spider:4)
  A yaktaur (Vaults:1)
  A spectral redback (Spider:4)
  2 tarantellas (Spider:4)
  A jumping spider zombie (Spider:4)
  2 tarantella zombies (Spider:4)
  A spectral jumping spider (Spider:4)
  A culicivora zombie (Spider:4)
  A jumping spider (Spider:4)
  4 yaks (Lair:5)
  3 redbacks (Spider:4)
38 creatures vanquished.

Vanquished Creatures (others)
  2 centaur simulacra (D:14)
  A quokka (D:7)
  18 fungi
  36 plants
57 creatures vanquished.

Grand Total: 971 creatures vanquished

Notes
Turn   | Place    | Note
-------+----------+-------------------------------------------
     0 | D:1      | Kazon the Minotaur Fighter began the quest for the Orb.
     0 | D:1      | Reached XP level 1. HP: 19/19 MP: 0/0
    33 | D:1      | Identified a scroll of acquirement
    33 | D:1      | Acquired the +3 pair of gauntlets of War {Slay+5}
    33 | D:1      | Found the +3 pair of gauntlets of War {Slay+5}
   308 | D:1      | Reached XP level 2. HP: 18/27 MP: 1/1
   956 | D:2      | Reached XP level 3. HP: 33/33 MP: 2/2
  1099 | D:2      | Reached skill level 3 in Long Blades
  1256 | D:2      | Reached XP level 4. HP: 41/41 MP: 3/3
  1431 | D:3      | Found Umat's Antique Weapon Boutique.
  1458 | D:3      | Bought a crude falchion for 184 gold pieces
  1458 | D:3      | Identified the +3 falchion of Winter {venom, rCorr} (You
                  | bought it in a shop on level 3 of the Dungeon)
  1747 | D:3      | Reached XP level 5. HP: 47/47 MP: 4/4
  1797 | D:3      | Noticed Robin
  1810 | D:3      | Killed Robin
  1811 | D:3      | Reached skill level 4 in Long Blades
  1881 | D:3      | Reached skill level 6 in Long Blades
  1881 | D:3      | Reached XP level 6. HP: 60/60 MP: 5/5
  2561 | D:4      | Reached XP level 7. HP: 66/66 MP: 6/6
  2685 | D:4      | You fall into a shaft and drop 1 floor!
  2685 | D:5      | Entered Level 5 of the Dungeon
  2797 | D:5      | Reached skill level 7 in Long Blades
  2799 | D:5      | Noticed Menkaure
  2808 | D:5      | Killed Menkaure
  3078 | D:4      | Found a hazy altar of Hepliaklqana.
  3124 | D:4      | Reached XP level 8. HP: 70/73 MP: 7/7
  3314 | D:5      | Noticed Eustachio
  3342 | D:5      | Killed Eustachio
  3385 | D:5      | Reached skill level 8 in Long Blades
  3562 | D:5      | Reached skill level 5 in Dodging
  4031 | D:6      | Reached skill level 1 in Evocations
  4120 | D:6      | Reached skill level 5 in Throwing
  4130 | D:6      | Reached XP level 9. HP: 72/81 MP: 8/8
  4415 | D:7      | Found a hide-covered altar of Uskayaw.
  4424 | D:7      | Found a staircase to the Ecumenical Temple.
  4434 | Temple   | Entered the Ecumenical Temple
  4478 | Temple   | Became a worshipper of the Shining One
  4532 | D:6      | Noticed Edmund
  4542 | D:6      | Killed Edmund
  4546 | D:6      | Reached skill level 9 in Long Blades
  4622 | D:6      | Noticed Maggie
  4632 | D:6      | Killed Maggie
  4633 | D:6      | Reached skill level 1 in Invocations
  5129 | D:7      | Found a white marble altar of Elyvilon.
  5143 | D:7      | Reached XP level 10. HP: 90/90 MP: 10/10
  5181 | D:7      | Reached * piety under the Shining One
  5761 | D:8      | Found Quzidd's Magic Scroll Emporium.
  5775 | D:8      | Bought a scroll of teleportation for 42 gold pieces
  5862 | D:8      | Found Esumer's Weapon Shop.
  6214 | D:8      | Found Heidghoki's Jewellery Shop.
  6373 | D:8      | Found Zoxtaeshakh's Jewellery Boutique.
  7037 | D:9      | Reached ** piety under the Shining One
  7115 | D:9      | Noticed Prince Ribbit
  7123 | D:9      | Killed Prince Ribbit
  7340 | D:9      | Reached skill level 10 in Long Blades
  7428 | D:9      | Noticed a two-headed ogre
  7442 | D:9      | Killed a two-headed ogre
  7443 | D:9      | Reached skill level 1 in Ranged Weapons
  7576 | D:10     | Entered Level 10 of the Dungeon
  7684 | D:10     | Reached *** piety under the Shining One
  7848 | D:10     | Reached XP level 11. HP: 96/97 MP: 12/12
  8127 | D:10     | Found Juagoaq's Book Shoppe.
  8176 | D:10     | Reached skill level 10 in Fighting
  8200 | D:10     | Found a staircase to the Lair.
  8292 | D:10     | Identified the +5 long sword of the Land of Plenty {drain,
                  | Dex+3}
  8304 | D:10     | Noticed Erolcha
  8314 | D:10     | Killed Erolcha
  8714 | D:11     | Noticed a green ugly thing
  8722 | D:11     | Killed a green ugly thing
  8866 | D:11     | Reached **** piety under the Shining One
  8879 | D:11     | Reached skill level 11 in Long Blades
  8900 | D:11     | Noticed a sun demon
  9414 | D:11     | Reached skill level 5 in Evocations
  9510 | D:12     | Reached skill level 5 in Invocations
  9603 | D:12     | Reached XP level 12. HP: 108/108 MP: 14/14
  9753 | D:12     | Noticed Nessos
  9765 | D:12     | Killed Nessos
  9795 | D:12     | Noticed a two-headed ogre
  9804 | D:12     | Killed a two-headed ogre
  9912 | D:12     | Reached skill level 12 in Long Blades
  9995 | D:12     | Noticed Rupert
 10003 | D:12     | Paralysed by Rupert for 5 turns
 10101 | Lair:1   | Entered Level 1 of the Lair of Beasts
 10160 | Lair:1   | Found the +2 Maxwell's thermic engine {flame, freeze}
 11036 | Lair:2   | Noticed a catoblepas
 11051 | Lair:2   | Noticed Fannar
 11082 | Lair:2   | Killed a catoblepas
 11089 | Lair:2   | Killed Fannar
 11690 | D:8      | Bought the amulet "Odemouw" {Contam rPois rF+++ Regen+
                  | Stlth+} for 734 gold pieces
 12009 | Lair:3   | Found a hole to the Spider Nest.
 12118 | Lair:3   | Noticed a death yak
 12129 | Lair:3   | Noticed a death yak
 12131 | Lair:3   | Noticed a death yak
 12132 | Lair:3   | Noticed a death yak
 12140 | Lair:3   | Killed a death yak
 12141 | Lair:3   | Reached XP level 13. HP: 117/117 MP: 17/17
 12308 | Lair:3   | Found an ancient bone altar of Kikubaaqudgha.
 12368 | Lair:3   | Found a staircase to the Shoals.
 12581 | Lair:4   | Reached ***** piety under the Shining One
 12584 | Lair:4   | Reached skill level 13 in Long Blades
 13012 | Lair:4   | Identified the +3 battleaxe "Adididghufym" {antimagic, rF+
                  | Will+}
 13103 | Lair:4   | Found a viscous altar of Jiyva.
 13104 | Lair:4   | Found a staircase to the Slime Pits.
 13170 | Lair:5   | Entered Level 5 of the Lair of Beasts
 13528 | Lair:5   | Reached skill level 5 in Ranged Weapons
 14193 | Lair:5   | Reached XP level 14. HP: 124/129 MP: 18/18
 14208 | Lair:5   | Reached skill level 14 in Long Blades
 14582 | D:12     | Noticed Lodul
 14591 | D:12     | Killed Lodul
 14650 | D:12     | Found a staircase to the Orcish Mines.
 14844 | D:13     | Noticed Azrael
 14860 | D:13     | Killed Azrael
 15106 | D:13     | Found Ituota Roil's Distillery.
 15438 | D:13     | Found a gate to the Vaults.
 15565 | D:13     | Reached skill level 15 in Long Blades
 15778 | Spider:1 | Entered Level 1 of the Spider Nest
 16096 | Spider:1 | Noticed a ghost moth
 16103 | Spider:1 | Killed a ghost moth
 16233 | Spider:1 | Acquired a manual of Shields
 16278 | Spider:1 | Reached ****** piety under the Shining One
 16433 | Spider:1 | Noticed an emperor scorpion
 16445 | Spider:1 | Killed an emperor scorpion
 16446 | Spider:1 | Reached XP level 15. HP: 103/138 MP: 20/20
 16998 | Spider:1 | Reached skill level 10 in Evocations
 17134 | Spider:2 | Reached skill level 10 in Shields
 17244 | Spider:2 | Reached skill level 16 in Long Blades
 17353 | Spider:2 | Noticed an emperor scorpion
 17358 | Spider:2 | Killed an emperor scorpion
 18917 | Spider:3 | Reached skill level 10 in Invocations
 19070 | Spider:3 | Noticed an emperor scorpion
 19090 | Spider:3 | Killed an emperor scorpion
 19323 | Spider:3 | Reached skill level 15 in Fighting
 19684 | Spider:4 | Entered Level 4 of the Spider Nest
 19684 | Spider:4 | Noticed Mara
 19769 | Spider:3 | Reached XP level 16. HP: 64/149 MP: 22/22
 20173 | Spider:4 | Noticed Kazon's illusion
 20264 | Spider:4 | Killed Mara
 20328 | Spider:4 | Reached skill level 10 in Throwing
 20972 | Spider:4 | Reached skill level 17 in Long Blades
 21152 | Spider:4 | Reached XP level 17. HP: 122/158 MP: 24/24
 21170 | Spider:4 | Got a gossamer rune of Zot
 21672 | D:14     | Found a runed translucent gate.
 21700 | D:14     | Identified the +6 scale mail "Voetobuo" {Int-3 Dex+8}
 21738 | D:14     | Noticed Snorg
 21748 | D:14     | Killed Snorg
 21774 | D:14     | Found a frozen archway.
 21800 | D:14     | Reached skill level 10 in Dodging
 21864 | IceCv    | Entered an ice cave
 22010 | IceCv    | Lost intelligence.
 22281 | D:8      | Bought a +6 ring of intelligence for 360 gold pieces
 22418 | D:14     | Noticed Foerhozi's ghost (journeyman DgAr)
 22439 | D:14     | Found a runed translucent gate.
 22439 | D:14     | Found a runed translucent gate.
 22903 | D:15     | Entered Level 15 of the Dungeon
 23427 | D:15     | Identified Roxanne's Parchment of Spelunking
 23427 | D:15     | Noticed Roxanne
 23578 | D:15     | Found a staircase to the Depths.
 23930 | Vaults:1 | Entered Level 1 of the Vaults
 24101 | Vaults:1 | Killed from afar by an ironbound frostheart

Illustrated notes

Levels and vault maps discovered:
D:1:      dpeg_arrival_three_smaller_balls, layout_basic
D:2:      layout_loops_ring
D:3:      layout_basic, serial_shops, nicolae_shop_stone, st_stairs_9,
          minmay_misc_feat_doors, eino_curves_03, uniq_robin
D:4:      minmay_wonky_spiral, layout_basic,
          mainiacjoe_overflow_surrounded_room, minivault_5
D:5:      layout_cave_pods, uniq_menkaure, uniq_eustachio
D:6:      cheibrodos_barr_body, layout_basic, minmay_crystal_room,
          minmay_pentangle, uniq_maggie, uniq_edmund
D:7:      layout_cave_pools, nicolae_uskayaw_murder_on_the_dancefloor,
          elyvilon_altar_4, minmay_temple_entry_purple_smoke
D:8:      layout_basic, serial_shops, shop_statue, kennysheep_little_box, shop,
          nicolae_shop_window_shopping
D:9:      layout_cave_pools, uniq_prince_ribbit1
D:10:     layout_stronghold, erik_lair_island, serial_shops,
          nicolae_shop_statue_plus, uniq_erolcha
D:11:     layout_roguey
D:12:     layout_loops_ring, orc_0_dummy, chequers_serial_rivers_marsh,
          uniq_lodul, uniq_nessos, uniq_rupert
D:13:     layout_gridville, david_vaults_5, serial_shops,
          nicolae_shop_behind_doors, minmay_fractal_squares_gapless_5,
          uniq_azrael
D:14:     layout_roguey, minmay_misc_feat_secret_circle, gammafunk_ghost_split,
          portal_ice_cave_entry_ice_simulacra, uniq_snorg
D:15:     hangedman_depths_entry_try_elsewhere_first, layout_loops_corners,
          uniq_roxanne
Temple:   nicolae_temple_bog_church
Lair:1:   layout_long_grid, fungi_pond_lemuel, cheibrodos_lair_reptile_den
Lair:2:   layout_gridlike, uniq_fannar
Lair:3:   layout_roguey, minmay_shoals_entry_hut,
          nicolae_spider_entry_non_spiders, basic_altar, serial_bayou_crossing
Lair:4:   layout_gridlike, slime_entry_1, serial_rivers,
          chequers_serial_rivers_room_a, chequers_serial_rivers_micro_c,
          chequers_serial_rivers_room_a, chequers_serial_rivers_micro_e,
          minivault_27, grunt_megastairs_3, infiniplex_staircase_pool_2
Lair:5:   evilmike_catoblepas_cave, layout_long_grid
Spider:1: layout_chambers, nicolae_spider_undead_wolf_pack
Spider:2: layout_cave_pods
Spider:3: layout_spider_delve
Spider:4: floodkiller_spider_rune_tomb, special_room [special_room_bee],
          uniq_mara
Vaults:1: nicolae_vaults_little_squares_1, v_misc_5, hangedman_vaults_stitches,
          hangedman_vaults_cutoff, grunt_vaults_trifunnel, v_misc_19,
          nicolae_vaults_three_branches, vaults_room_pool,
          vaults_room_door_hall, nicolae_vaults_little_ls,
          nicolae_vaults_rhombus_7, layout_vaults_omnicross, serial_shops, shop

Skill      XL: |  1  2  3  4  5  6  7  8  9 10 11 12 13 14 15 16 17 |
---------------+----------------------------------------------------+-----
Fighting       | 4 7 8 9 10 11 13 14 15 16 | 16.7
Shields        | 4 7 8 9 10 12 13 | 13.2
Armour         | 4 7 8 9 |  9.0
Long Blades    | 3 6 7 8 9 10 11 12 13 15 16 17 | 17.6
Throwing       | 4 5 6 7 8 9 10 11 | 11.3
Dodging        | 4 5 6 7 8 9 10 | 10.3
Stealth        | 3 4 |  4.8
Evocations     | 1 2 3 5 6 8 9 10 11 12 | 12.2
Invocations    | 1 3 5 6 7 9 10 11 12 | 12.4
Ranged Weapons | 1 2 3 5 |  5.9

Action                   |  1- 3 |  4- 6 |  7- 9 | 10-12 | 13-15 | 16-18 || total
-------------------------+-------+-------+-------+-------+-------+-------++-------
Melee: Long sword        |    47 |       |       |   145 |       |       ||   192
       Headbutt          |     9 |     8 |    42 |   150 |   187 |   143 ||   539
       Dagger            |    12 |    10 |       |       |       |       ||    22
       Falchion          |       |    43 |   188 |   279 |    83 |       ||   593
       Double sword      |       |       |       |    76 |   585 |   507 ||  1168
 Fire: Sling             |       |       |       |    69 |    35 |    14 ||   118
Throw: Stone             |       |    29 |    48 |    77 |    61 |    22 ||   237
       Dart              |       |       |       |    31 |    95 |    81 ||   207
       Boomerang         |       |       |       |    22 |   103 |    61 ||   186
Invok: Divine Shield     |       |       |       |     2 |     1 |     1 ||     4
       Summon Divine War |       |       |       |       |     1 |     5 ||     6
Evoke: Wand              |       |       |     2 |     3 |     2 |    49 ||    56
       Phantom mirror    |       |       |       |       |     1 |     2 ||     3
       Phial of floods   |       |       |       |       |       |     1 ||     1
       Lightning rod     |       |       |       |       |       |     8 ||     8
  Use: Scroll            |     1 |       |     6 |     5 |     7 |     8 ||    27
       Potion            |       |     1 |     2 |     2 |       |     1 ||     6
 Stab: Sleeping          |       |       |     2 |       |       |       ||     2
Armor: Scale mail        |    14 |    10 |    20 |       |       |       ||    44
       Leather armour    |       |       |    37 |    37 |       |       ||    74
       Troll leather arm |       |       |       |    69 |   173 |   115 ||   357
Dodge: Dodged            |    22 |    42 |   108 |   206 |   313 |   237 ||   928
Block: Buckler           |     9 |     3 |    38 |   114 |   209 |   180 ||   553
